 Dungeon Crawl Stone Soup version 0.27-a0-419-g7a85846853 (webtiles) character file.

Game seed: 12455105891290195805

116 Morbidden the Gusty (level 4, -9/32 HPs)
             Began as a Demonspawn Air Elementalist on Feb 26, 2021.
             Killed by divine providence
             ... invoked by an orc priest
              (12 damage)
             ... on level 2 of the Dungeon.
             The game lasted 00:04:18 (2719 turns).

Morbidden the Gusty (Demonspawn Air Elementalist)   Turns: 2719, Time: 00:04:18

Health: -9/32      AC:  3    Str:  8    XL:     4   Next: 69%
Magic:  8/8        EV: 12    Int: 17    God:
Gold:   182        SH:  0    Dex: 14    Spells: 5/9 levels left

rFire    . . .     SeeInvis .   i - +0 dagger
rCold    + . .     Faith    .   (no shield)
rNeg     . . .     Spirit   .   a - +0 robe
rPois    .         Reflect  .   (no helmet)
rElec    .         Harm     .   f - +0 cloak
rCorr    .         Rampage  .   (no gloves)
Will     .....                  (no boots)
Stlth    ++........             (no amulet)
HPRegen  0.10/turn              m - ring of protection from cold
MPRegen  0.11/turn              (no ring)

@: attractive, flying
A: condensation shield
a: no special abilities


You were on level 2 of the Dungeon.
You visited 1 branch of the dungeon, and saw 3 of its levels.

You collected 182 gold pieces.

Inventory:

Hand Weapons
 i - a +0 dagger (weapon)
Missiles
 h - 6 poisoned darts (quivered)
Armour
 a - a +0 robe (worn)
 f - a +0 cloak (worn)
Jewellery
 c - an amulet of faith
 m - a ring of protection from cold (left hand)
Scrolls
 b - a scroll of identify {unknown}
 d - a scroll of blinking {unknown}
 j - 2 scrolls of noise {unknown}
 k - 3 scrolls of fear {unknown}
 l - a scroll of amnesia {unknown}
 n - a scroll of teleportation {unknown}
 o - a scroll of immolation {unknown}


   Skills:
 * Level 1.0 Fighting
 + Level 0.4 Throwing
 + Level 2.0 Dodging
 + Level 2.2 Stealth
 * Level 3.0 Spellcasting
 + Level 1.3 Conjurations
 * Level 3.5 Air Magic


You had 5 spell levels left.
You knew the following spells:

 Your Spells              Type           Power        Failure   Level
a - Shock                 Conj/Air       40%          6%          1
b - Static Discharge      Conj/Air       10%          19%         3

Your spell library contained the following spells:

 Spells                   Type           Power        Failure   Level
 Swiftness                Air            14%          6%          2
 Airstrike                Air            7%           36%         4
 Lightning Bolt           Conj/Air       5%           87%         5


Dungeon Overview and Level Annotations

Branches:
Dungeon (3/15)

Altars:


Innate Abilities, Weirdness & Mutations

A meltable shield of frost defends you. (SH +0)


Message History

You're too confused to cast spells.
Sorry, you're not good enough to have a special ability.
Unknown command.
You bump into the rock wall.
You feel less confused. Something hits you.
* * * LOW HITPOINT WARNING * * *
You hit something but do no damage. Something barely misses you.
Unknown command.
Unknown command.
Unknown command.
Unknown command.
Unknown command.
Unknown command.
Casting: Shock (safe; 6% risk of failure)
Confirm with . or Enter, or press ? or * to list all spells.
You can't see any susceptible monsters within range! (Use Z to cast anyway.) Unknown command.
An orc priest comes into view. It is wielding a +0 falchion.
The orc wizard is pulled toward you! The orc priest is pulled toward you!
Unknown command.
The orc wizard hits you but does no damage.
The orc priest is pulled toward you!
Unknown command.
Unknown command.
The orc priest shouts!
The orc priest is pulled toward you! The orc priest barely misses you.
There is a stone staircase leading up here.
The orc priest misses you. The orc wizard barely misses you.
You fly upwards.
Reactivating autopickup.
There is a stone staircase leading down here.
Unknown command.
Unknown command.
Okay, then.
You can't go up here!
The orc priest calls down the wrath of Beogh upon you.
Beogh smites you!
You die...

.....#.....##........#......)....
..............................##.
........#.#.#.................##.
..........>...................#..
.......##..#..#.####.....###.....
###.######..#................#...
#.# #.....................##
###.## ##................##..#
.##..# #....o@..............##
.##..######....o.................
.....##.....(............###...>.
#....##.#####.#.###..............
#.##..#.#####.#.....##....#......
.......)....#.....####.##..[.....
<...##..#.........###..##........
###.##..###...###...............#
#................#.#..#.......#


You could see an orc priest and an orc wizard.

Vanquished Creatures
  An orc wizard (D:3)
  An adder (D:3)
  2 oozes
  2 worms (D:3)
  2 dart slugs
  2 leopard geckos (D:2)
  3 orcs (D:3)
  A ball python (D:2)
  7 bats
  3 giant cockroaches
  9 goblins
  6 hobgoblins
  2 jackals (D:2)
  2 quokkas (D:2)
  4 frilled lizards
  5 kobolds
  5 rats
57 creatures vanquished.

Notes
Turn   | Place    | Note
-------+----------+-------------------------------------------
     0 | D:1      | Morbidden the Demonspawn Air Elementalist began the quest
                  | for the Orb.
     0 | D:1      | Reached XP level 1. HP: 13/13 MP: 3/3
   279 | D:1      | Gained mutation: A meltable shield of frost defends you.
                  | (SH +0) [demonic ancestry]
   279 | D:1      | Reached XP level 2. HP: 15/20 MP: 0/5
  1187 | D:1      | Reached XP level 3. HP: 25/25 MP: 0/6
  1353 | D:2      | Learned a level 3 spell: Static Discharge
  2240 | D:3      | Reached XP level 4. HP: 31/31 MP: 2/8
  2704 | D:3      | Reached skill level 1 in Fighting
  2719 | D:2      | Killed from afar by an orc priest

Illustrated notes

Levels and vault maps discovered:
D:1:      ncdulo_watergridlock, layout_rooms, chequers_serial_rivers_micro_b,
          minmay_statues_item
D:2:      layout_rooms
D:3:      layout_rooms, chequers_serial_rivers_micro_a,
          nicolae_ru_the_path_less_chosen

Skill      XL: |  1  2  3  4 |
---------------+-------------+-----
Air Magic      | 3 |  3.5
Dodging        | 2 |  2.0
Stealth        | 2 |  2.2
Fighting       | 1 |  1.0
Spellcasting   | 3 |  3.0
Throwing       | |  0.4
Conjurations   | |  1.3

Action                   |  1- 3 |  4- 6 || total
-------------------------+-------+-------++-------
Melee: Unarmed           |    32 |       ||    32
       Dagger            |    13 |    11 ||    24
Throw: Dart              |    15 |    23 ||    38
 Cast: Shock             |    86 |    33 ||   119
  Use: Potion            |       |     2 ||     2
Armor: Robe              |    14 |    12 ||    26
Dodge: Dodged            |    35 |    11 ||    46
Block: Other             |     5 |     5 ||    10

Table legend: (Time is in decaauts)
 A = Elapsed time spent in this place.
 B = Non-inter-level travel time spent in this place.
 C = Inter-level travel time spent in this place.
 D = Time resting spent in this place.
 E = Time spent auto-exploring this place.
 F = Levels seen in this place.
 G = Mean time per level.
                   A        B        C        D        E       F      G
               +--------+--------+--------+--------+--------+-----+--------+
         Total |   2719 |   2697 |     22 |      0 |   2273 |   3 |  906.3 |
       Dungeon |   2719 |   2697 |     22 |      0 |   2273 |   3 |  906.3 |
               +--------+--------+--------+--------+--------+-----+--------+

Top non-repeatable levels by time:
     D:1: 1292 daAuts
     D:2: 930 daAuts
     D:3: 496 daAuts
